 Dungeon Crawl Stone Soup version 0.31-a0-845-g9abc20d24f (webtiles) character file.

Game seed: 9530158375385105173

105751 Aneyh the Slayer (level 16, -10/198 HPs)
             Began as a Tengu Monk on Oct 2, 2023.
             Was the Champion of Hepliaklqana.
             Mangled by a culicivora (19 damage)
             ... on level 2 of the Spider Nest.
             The game lasted 01:36:07 (28603 turns).

Aneyh the Slayer (Tengu Monk)                      Turns: 28603, Time: 01:36:07

Health: -10/198    AC: 18    Str: 20 (23) XL:     16   Next: 42%
Magic:  0/17       EV: 13    Int: 12 (17) God:    Hepliaklqana [******]
Gold:   2792       SH:  0    Dex: 11 (18) Spells: 15/15 levels left

rFire   + . .        a - +0 glaive (freeze)
rCold   x . .        (shield currently unavailable)
rNeg    + + .        x - +5 chain mail of the Farrier {rC+ Int+4}
rPois   +            l - +1 hat of a Gauntlet {+Inv rC- Str+5}
rElec   .            Y - +0 cloak
rCorr   .            i - +0 pair of gloves {hurl}
SInv    .            (boots unavailable)
Will    +....        T - amulet of Dyosur {Spirit +Inv Int+2} Stlth
                     C - ring "Iticecue" {rPois rF+ rC- rN++ Will-}
HPRegen 0.53/turn    J - ring of poison resistance
MPRegen 0.15/turn

%: acrobat, guardian spirit
@: berserking, enlightened, flying, studying Polearms, very quick
A: reduced essence, beak, talons 3, evasive flight, acrobatic, iridescent scales
1, robust 1, wild magic 1
a: Renounce Religion, Evoke Invisibility, Recall Ancestor, Ancestor Identity,
Transference, Idealise


You were on level 2 of the Spider Nest.
You worshipped Hepliaklqana.
Hepliaklqana was exalted by your worship.
You visited 8 branches of the dungeon, and saw 28 of its levels.
You also visited: Bailey and Gauntlet.

You collected 3418 gold pieces.
You spent 626 gold pieces at shops.

Inventory:

Hand Weapons
 a - a +0 glaive of freezing (weapon)
 b - a +1 arbalest of draining
 I - the +7 hand axe of Arbitration {flame, Dex+2}
   (You found it on level 14 of the Dungeon)

   Dex+2:     It affects your dexterity (+2).
 N - a +2 halberd of draining
 P - a +3 arbalest
Missiles
 A - 3 javelins
 M - 8 boomerangs
Armour
 i - a +0 pair of gloves of hurling (worn)
 l - the +1 hat of a Gauntlet (worn) {+Inv rC- Str+5}
   (You found it in a Gauntlet)

   Str+5:     It affects your strength (+5).
   rC-:       It makes you vulnerable to cold.
   +Inv:      It lets you turn invisible.
 t - +0 fire dragon scales
 x - the +5 chain mail of the Farrier (worn) {rC+ Int+4}
   (You found it in a Gauntlet)

   Int+4:     It affects your intelligence (+4).
   rC+:       It protects you from cold.
 R - a +0 troll leather armour
 Y - a +0 cloak (worn)
Jewellery
 k - a +6 ring of dexterity
 p - a ring of positive energy
 s - a ring of protection from cold
 C - the ring "Iticecue" (left hand) {rPois rF+ rC- rN++ Will-}
   (You found it on level 5 of the Dungeon)

   [ring of protection from fire]

   rF+:       It protects you from fire.
   rC-:       It makes you vulnerable to cold.
   rPois:     It protects you from poison rN++: It greatly protects you from
   negative energy.
   Will-:     It decreases your willpower.
 E - an amulet of reflection
 J - a ring of poison resistance (right hand)
 L - a +4 ring of protection
 T - the amulet of Dyosur (around neck) {Spirit +Inv Int+2}
   (You bought it in a shop on level 12 of the Dungeon)

   [amulet of guardian spirit]

   Spirit:    It causes incoming damage to be divided between your reserves of
   health and magic.
   Int+2:     It affects your intelligence (+2).
   +Inv:      It lets you turn invisible.
Wands
 c - a wand of digging (14)
 d - a wand of light (6)
 w - a wand of paralysis (26)
 y - a wand of iceblast (2)
 F - a wand of flame (14)
 O - a wand of polymorph (26)
 U - a wand of mindburst (25)
Scrolls
 f - 5 scrolls of enchant armour
 j - 4 scrolls of identify
 m - 7 scrolls of teleportation
 o - 3 scrolls of fear
 G - a scroll of amnesia
 K - 6 scrolls of poison
 Z - 2 scrolls of butterflies
Potions
 e - 2 potions of mutation
 h - 9 potions of brilliance
 q - 11 potions of might
 u - 2 potions of invisibility
 v - 5 potions of haste
 z - 2 potions of lignification
 D - 2 potions of magic
 H - 9 potions of curing
 S - 2 potions of cancellation
 X - a potion of enlightenment


   Skills:
 + Level 26.3 Fighting
 - Level 9.0 Polearms
 - Level 3.0 Ranged Weapons
 - Level 5.0 Dodging


You had 15 spell levels left.
You didn't know any spells.
Your spell library contained the following spells:

 Spells                   Type           Power      Damage    Failure   Level
 Freeze                   Ice            0%         1d3       98%         1
 Sting                    Tmut/Pois      0%         1d3       98%         1
 Poisonous Vapours        Pois/Air       0%         N/A       99%         2
 Dazzling Flash           Conj/Hex       0%         N/A       100%        3
 Frozen Ramparts          Ice            0%         1d1       100%        3
 Hailstorm                Conj/Ice       0%         3d3       100%        3
 Tukima's Dance           Hex            0%         N/A       100%        3
 Volatile Blastmotes      Fire/Tloc      0%         2d10      100%        3
 Brom's Barrelling Bould  Conj/Erth      0%         2d3       100%        4
 Cause Fear               Hex            0%         N/A       100%        4
 Fulminant Prism          Conj/Hex       0%         3d5       100%        4
 Iskenderun's Mystic Bla  Conj/Tloc      0%         2d3       100%        4
 Olgreb's Toxic Radiance  Pois           0%         N/A       100%        4
 Passage of Golubria      Tloc           0%         N/A       100%        4
 Vhi's Electric Charge    Tloc/Air       0%         N/A       100%        4
 Arcjolt                  Conj/Air       0%         1d10      100%        5
 Fireball                 Conj/Fire      0%         3d3       100%        5
 Iskenderun's Battlesphe  Conj           0%         2d6       100%        5
 Yara's Violent Unravell  Hex/Tmut       0%         3d3       100%        5
 Conjure Ball Lightning   Conj/Air       0%         3x3d6     100%        6
 Plasma Beam              Fire/Air       0%         2x1d10    100%        6
 Starburst                Conj/Fire      0%         6d3       100%        6
 Orb of Destruction       Conj           0%         9d5       100%        7
 Maxwell's Capacitive Co  Air            0%         ∞         100%        8
 Dragon's Call            Summ           0%         N/A       100%        9


Dungeon Overview and Level Annotations

Branches:
Dungeon (15/15)            Temple (1/1) D:5            Lair (5/5) D:8
  Swamp (0/4) Lair:3       Spider (2/4) Lair:2        Slime (1/5) Lair:5
    Orc (2/2) D:12            Elf (1/3) Orc:2        Vaults (0/5) D:14
 Depths (1/4) D:15         Bailey (visited)         Gauntlet (visited)

Altars:
Ashenzari
Cheibriados
Dithmenos
Elyvilon
Fedhas
Gozag
Hepliaklqana
Kikubaaqudgha
Makhleb
Nemelex Xobeh
Okawaru
Qazlal
Ru
Sif Muna
Trog
Uskayaw
Vehumet
Wu Jian
Xom
Yredelemnul
Zin
The Shining One
Jiyva

Shops:
D:6 *   D:9 [=[   D:12 *   D:14 [   D:15 *   Orc:2 ((!(

Annotations:
D:12 5 transporters
Elf:1 6 runed translucent doors
Depths:1 exclusion: orange crystal statue


Innate Abilities, Weirdness & Mutations

Your life essence is reduced to manifest your ancestor. (-10% HP)
You have a beak for a mouth.
You have claws for feet.
Your magical flight helps you evade attacks. (EV +4)
You can magically evade attacks while moving or waiting.
You are partially covered in iridescent scales. (AC +2)
You are robust. (+10% HP)
Your spells are a little harder to cast, but a little more powerful.


Message History

There was something very wrong with that liquid.
You feel weakened.
You feel dopey.
You feel clumsy. The culicivora closely misses you.
The culicivora bites you but does no damage.
The moth of wrath goads the culicivora on!
The culicivora goes berserk!
The culicivora bites you but does no damage.
It was a potion of enlightenment.
You feel more buoyant. The culicivora misses you.
The culicivora closely misses you. The culicivora bites you.
* * * LOW HITPOINT WARNING * * *
The moth of wrath misses you.
It was a potion of berserk rage.
A red film seems to cover your vision as you go berserk!
You feel yourself moving faster!
You feel mighty!
You flicker back into view.
The culicivora bites you!!
* * * LOW HITPOINT WARNING * * *
The culicivora draws strength from your injuries!
The culicivora bites you but does no damage.
The culicivora closely misses you.
An entropy weaver comes into view.
The moth of wrath barely misses you.
The culicivora bites you but does no damage.
The entropy weaver shouts!
You slice the moth of wrath!! You freeze the moth of wrath!
You claw the moth of wrath! You peck the moth of wrath.
You kill the moth of wrath!
You hear a faint skittering sound. x2
The culicivora bites you but does no damage.
The culicivora bites you.
* * * LOW HITPOINT WARNING * * *
The culicivora draws strength from your injuries!
The culicivora barely misses you.
You chop the culicivora into pieces!!! You freeze the culicivora!
Your kick misses the culicivora. Your peck misses the culicivora.
The culicivora is almost dead.
The culicivora bites you!!
You die...

#..## #...##
#..y^#
#...§####
##§§§#§.#
#.§§§§..#
#§§§§#§....#
#ss§§§§....#
#@§§§y§....#
#§.§§......#
#§.s.......#
#.......###.#
#........ ##
#.........
#B.......
#.?......


You could see 2 culicivoras and a redback.

Vanquished Creatures
  Rupert (D:12)
  A minotaur (Gauntlet)
  A fire dragon (D:15)
  2 vault guards
  Fannar (Lair:1)
  2 hydras
  Erolcha (D:11)
  A rakshasa (D:15)
  A catoblepas (D:14)
  9 two-headed ogres
  A centaur warrior (D:13)
  A death knight (D:14)
  2 ogre magi
  5 boulder beetles
  4 death yaks
  3 tengu warriors (D:15)
  2 demonic crawlers (Spider:1)
  A sun moth (Spider:1)
  2 necromancers (D:14)
  Pikel (D:8)
  2 orc knights (Orc:2)
  An orc sorcerer (Orc:2)
  A deep elf pyromancer (D:14)
  A wolf spider (Spider:1)
  A cyclops (D:14)
  10 ugly things
  2 manticores
  4 black mambas
  A guardian serpent (Lair:5)
  2 moths of wrath
  11 elephants
  A torpor snail (Lair:1)
  An apocalypse crab (Gauntlet)
  10 cane toads
  A cane toad (shapeshifter) (D:14)
  2 minotaur zombies (Gauntlet)
  3 komodo dragons
  2 efreet (D:13)
  2 meliai (Spider:1)
  2 hellwings (Gauntlet)
  3 trolls
  A hornet (Lair:5)
  A polar bear (Lair:5)
  Prince Ribbit (D:8)
  5 tarantellas (Spider:1)
  2 blink frogs (Lair:1)
  7 slime creatures
  3 jumping spiders (Spider:1)
  Sigmund (D:2)
  3 wraiths
  9 wyverns
  4 basilisks
  A yak (shapeshifter) (D:13)
  A human (shapeshifter) (D:14)
  24 yaks
  14 humans (D:14)
  6 redbacks
  9 vampire mosquitoes
  2 wargs (Orc:2)
  19 water moccasins
  An ice beast (D:5)
  25 orc warriors
  4 black bears
  7 boggarts
  2 sky beasts
  7 wolves
  10 centaurs
  6 ogres
  A kobold brigand (D:9)
  A lemure (D:8)
  7 bullfrogs
  A scorpion (D:5)
  3 electric eels
  2 howler monkeys
  9 orc priests
  2 hounds
  5 jellies
  A gnoll bouda (Orc:1)
  2 sleepcaps (D:8)
  An iguana (D:5)
  9 orc wizards
  Natasha (thrice) (D:2)
  7 adders
  14 gnolls
  3 worms
  55 orcs
  8 ball pythons
  8 endoplasms
  4 giant cockroaches
  7 goblins
  2 hobgoblins
  A jackal (D:3)
  3 bats
  4 frilled lizards
  7 kobolds
  3 rats
453 creatures vanquished.

Vanquished Creatures (collateral kills)
  A reaper (Gauntlet)
  A broodmother (Spider:1)
  A stone giant (D:15)
  A fire dragon (D:15)
  A jorogumo (Spider:1)
  A hydra (Lair:3)
  A centaur warrior (D:14)
  An ogre mage (D:14)
  3 two-headed ogres
  A demonic crawler (Spider:1)
  A death yak (Lair:3)
  A sun moth (Spider:1)
  A wizard (D:14)
  An orc knight (Orc:2)
  A necromancer (D:14)
  2 ugly things (D:14)
  An orc sorcerer (Orc:1)
  A wolf spider (Lair:5)
  2 cyclopes
  A torpor snail (Lair:3)
  8 elephants
  5 black mambas
  A minotaur zombie (Gauntlet)
  4 cane toads
  A kobold demonologist (D:10)
  3 rime drakes
  3 komodo dragons
  A meliai (Spider:1)
  2 trolls
  2 polar bears
  2 tarantellas (Spider:1)
  2 blink frogs (Lair:1)
  2 hornets (Lair:5)
  3 slime creatures
  A culicivora (Lair:2)
  4 humans (D:14)
  A jumping spider (Spider:1)
  A vampire (D:10)
  4 wyverns
  15 yaks
  A steam dragon (D:10)
  A vampire mosquito (D:14)
  A basilisk (D:13)
  4 redbacks
  An acid dragon (D:13)
  6 water moccasins
  7 orc warriors
  A black bear (D:8)
  A boggart (D:15)
  2 ogres
  6 wolves
  3 centaurs (Orc:2)
  A kobold brigand (D:8)
  A bullfrog (D:7)
  2 scorpions
  2 howler monkeys
  A jelly (Gauntlet)
  An orc priest (D:8)
  A gnoll bouda (D:6)
  8 orc wizards
  6 gnolls
  An adder (D:6)
  18 orcs
  2 goblins (D:9)
  4 kobolds
171 creatures vanquished.

Vanquished Creatures (others)
  An orc wizard (Orc:1)
  29 knights
30 creatures vanquished.

Grand Total: 654 creatures vanquished

Notes
Turn   | Place    | Note
-------+----------+-------------------------------------------
     0 | D:1      | Aneyh the Tengu Monk began the quest for the Orb.
     0 | D:1      | Reached XP level 1. HP: 14/14 MP: 2/2
   402 | D:1      | Reached XP level 2. HP: 19/19 MP: 3/3
   841 | D:2      | Noticed Natasha
   848 | D:2      | Killed Natasha
   849 | D:2      | Reached XP level 3. HP: 16/23 MP: 4/4
  1004 | D:2      | Noticed Sigmund
  1022 | D:2      | Killed Sigmund
  1023 | D:2      | Reached XP level 4. HP: 18/28 MP: 5/5
  1023 | D:2      | Reached XP level 5. HP: 21/32 MP: 6/6
  1076 | D:2      | Noticed Natasha
  1082 | D:2      | Killed Natasha
  1083 | D:2      | Reached XP level 6. HP: 32/37 MP: 7/7
  1148 | D:2      | Identified a scroll of acquirement
  1149 | D:2      | Acquired 412 gold pieces
  1190 | D:2      | Noticed Natasha
  1212 | D:2      | Killed Natasha
  1549 | D:2      | Found an opulent altar of Gozag.
  2183 | D:3      | Found a broken altar of Ashenzari.
  2187 | D:3      | Found a shimmering blue altar of Sif Muna.
  2899 | D:4      | Noticed a black bear
  2910 | D:4      | Killed a black bear
  2911 | D:4      | Gained mutation: Your magical flight helps you evade
                  | attacks. (EV +4) [Tengu growth]
  2911 | D:4      | Reached XP level 7. HP: 8/42 MP: 8/8
  3092 | D:4      | Reached skill level 4 in Fighting
  3465 | D:5      | Entered Level 5 of the Dungeon
  3621 | D:5      | Reached skill level 1 in Ranged Weapons
  3812 | D:5      | Reached skill level 5 in Fighting
  3812 | D:5      | Reached XP level 8. HP: 50/50 MP: 9/9
  3843 | D:5      | Identified the ring "Iticecue" {rPois rF+ rC- rN++ Will-}
  3889 | D:5      | Found a staircase to the Ecumenical Temple.
  3897 | Temple   | Entered the Ecumenical Temple
  3912 | Temple   | Became a worshipper of Hepliaklqana the Forgotten
  3912 | Temple   | Reached * piety under Hepliaklqana
  3912 | Temple   | Reached ** piety under Hepliaklqana
  3913 | Temple   | Remembered your ancestor Ingwe as a knight
  4249 | D:6      | Reached skill level 6 in Fighting
  4413 | D:6      | Found Neawip Caon's Assorted Antiques.
  5092 | D:7      | Found an ornate altar of the Wu Jian Council.
  5093 | D:7      | Found a sacrificial altar of Ru.
  5093 | D:7      | Found a radiant altar of Vehumet.
  5195 | D:7      | Reached *** piety under Hepliaklqana
  5312 | D:7      | Reached skill level 7 in Fighting
  5357 | D:7      | Found an ancient bone altar of Kikubaaqudgha.
  5569 | D:7      | Found a bloodstained altar of Trog.
  5730 | D:8      | Noticed Prince Ribbit
  5738 | D:8      | Killed Prince Ribbit
  5739 | D:8      | Reached skill level 8 in Fighting
  5739 | D:8      | Reached XP level 9. HP: 50/54 MP: 10/10
  5837 | D:8      | Reached skill level 9 in Fighting
  5871 | D:8      | Found a staircase to the Lair.
  5874 | D:8      | Noticed an elephant
  5882 | D:8      | Killed an elephant
  5883 | D:8      | Reached skill level 10 in Fighting
  6045 | D:8      | Reached skill level 11 in Fighting
  6098 | D:8      | Noticed Pikel
  6113 | D:8      | Killed Pikel
  6114 | D:8      | Reached XP level 10. HP: 44/63 MP: 11/11
  6254 | D:8      | Found a stormy altar of Qazlal.
  6364 | D:9      | Reached skill level 12 in Fighting
  6510 | D:9      | Found Yhiwubba's Antique Armour Emporium.
  6515 | D:9      | Reached **** piety under Hepliaklqana
  6544 | D:9      | Found a hide-covered altar of Uskayaw.
  6558 | D:9      | Found a flagged portal.
  6567 | Bailey   | Entered a bailey
  6991 | D:9      | Identified the +4 falchion "Hiulem" {heavy, rElec Int-3
                  | Dex+2}
  7120 | D:9      | Found Cylyus's Armour Shoppe.
  7187 | D:9      | Found Plog's Jewellery Shoppe.
  7245 | D:9      | Reached skill level 13 in Fighting
  7289 | D:10     | Entered Level 10 of the Dungeon
  7395 | D:10     | Noticed a kobold demonologist
  7397 | D:10     | Killed a kobold demonologist
  7420 | D:10     | Noticed a two-headed ogre
  7420 | D:10     | Noticed a two-headed ogre
  7420 | D:10     | Noticed a two-headed ogre
  7420 | D:10     | Noticed a two-headed ogre
  7420 | D:10     | Noticed an ogre mage
  7421 | D:10     | Noticed a two-headed ogre
  7570 | D:10     | Noticed a two-headed ogre
  7573 | D:10     | Killed a two-headed ogre
  7671 | D:9      | Killed a two-headed ogre
  7672 | D:9      | Reached skill level 14 in Fighting
  7677 | D:9      | Killed a two-headed ogre
  7678 | D:9      | Reached XP level 11. HP: 72/72 MP: 12/12
  7698 | D:9      | Reached skill level 16 in Fighting
  7698 | D:9      | Reached XP level 12. HP: 81/81 MP: 13/13
  7802 | D:10     | Reached skill level 17 in Fighting
  8132 | D:10     | Killed a two-headed ogre
  8137 | D:10     | Killed an ogre mage
  8238 | D:10     | Killed a two-headed ogre
  8252 | D:10     | Killed a two-headed ogre
  8352 | D:11     | Reached skill level 18 in Fighting
  8901 | D:11     | Noticed Erolcha
  8945 | D:11     | Killed Erolcha
  9015 | D:12     | Reached ***** piety under Hepliaklqana
  9067 | D:12     | Found a staircase to the Orcish Mines.
  9068 | D:12     | Noticed Rupert
  9072 | D:12     | Paralysed by Rupert for 3 turns
  9094 | D:12     | Found a transporter.
  9097 | D:12     | Found a transporter.
  9129 | D:12     | Found a transporter.
  9129 | D:12     | Found a transporter.
  9217 | D:12     | Gained mutation: You are frail. (-10% HP) [potion of
                  | mutation]
  9217 | D:12     | Gained mutation: You are occasionally teleported next to
                  | monsters. [potion of mutation]
  9217 | D:12     | Gained mutation: You sometimes lose your temper in combat.
                  | [potion of mutation]
  9220 | D:12     | Lost mutation: You sometimes lose your temper in combat.
                  | [potion of mutation]
  9220 | D:12     | Lost mutation: You are occasionally teleported next to
                  | monsters. [potion of mutation]
  9220 | D:12     | Lost mutation: You are frail. (-10% HP) [potion of
                  | mutation]
  9220 | D:12     | Gained mutation: Your spells are a little harder to cast,
                  | but a little more powerful. [potion of mutation]
  9220 | D:12     | Gained mutation: You are robust. (+10% HP) [potion of
                  | mutation]
  9220 | D:12     | Gained mutation: You are partially covered in iridescent
                  | scales. (AC +2) [potion of mutation]
  9403 | D:12     | Found a transporter.
  9404 | D:12     | Found a transporter.
  9541 | D:12     | Noticed a two-headed ogre
  9550 | D:12     | Killed a two-headed ogre
  9597 | D:13     | Reached skill level 19 in Fighting
  9604 | D:13     | Reached XP level 13. HP: 93/100 MP: 14/14
  9716 | D:13     | Found a gate leading to a gauntlet.
  9730 | Gauntlet | Entered a Gauntlet
  9730 | Gauntlet | Found a transporter.
  9730 | Gauntlet | Found a transporter.
  9737 | Gauntlet | Found a transporter.
  9749 | Gauntlet | Found a transporter.
  9763 | Gauntlet | Found a large runed translucent door.
  9764 | Gauntlet | Found a large runed translucent door.
  9765 | Gauntlet | Found a large runed translucent door.
  9765 | Gauntlet | Found a large runed translucent door.
  9765 | Gauntlet | Found a large runed translucent door.
  9765 | Gauntlet | Found a large runed translucent door.
  9765 | Gauntlet | Found a large runed translucent door.
  9765 | Gauntlet | Found a large runed translucent door.
  9766 | Gauntlet | Found a runed translucent door.
  9766 | Gauntlet | Found a runed translucent gate.
  9767 | Gauntlet | Found a runed translucent gate.
  9767 | Gauntlet | Found a transporter.
  9767 | Gauntlet | Found a transporter.
  9767 | Gauntlet | Found a transporter.
  9770 | Gauntlet | Found a transporter.
  9770 | Gauntlet | Found a transporter.
  9784 | Gauntlet | Found a transporter.
  9802 | Gauntlet | Found a transporter.
  9809 | Gauntlet | Found a runed translucent door.
  9813 | Gauntlet | Found a transporter.
  9815 | Gauntlet | Noticed a reaper
  9827 | Gauntlet | Found a transporter.
  9839 | Gauntlet | Found a large runed translucent door.
  9840 | Gauntlet | Found a large runed translucent door.
  9841 | Gauntlet | Found a large runed translucent door.
  9841 | Gauntlet | Found a large runed translucent door.
  9841 | Gauntlet | Found a large runed translucent door.
  9841 | Gauntlet | Found a large runed translucent door.
  9842 | Gauntlet | Found a large runed translucent door.
  9842 | Gauntlet | Found a large runed translucent door.
  9842 | Gauntlet | Found a runed translucent gate.
  9842 | Gauntlet | Found a runed translucent door.
  9847 | Gauntlet | Found a transporter.
  9902 | Gauntlet | Reached skill level 5 in Dodging
  9986 | Gauntlet | Identified the +1 hat of a Gauntlet {+Inv rC- Str+5}
 10033 | Gauntlet | Killed a reaper
 10059 | Gauntlet | Identified the +5 chain mail of the Farrier {rC+ Int+4}
 10251 | Gauntlet | Identified the ring of the Sparrow {Wiz rF- rC++}
 10251 | Gauntlet | Noticed a minotaur
 10264 | Gauntlet | Killed a minotaur
 10770 | D:13     | Reached skill level 20 in Fighting
 11693 | D:14     | Found Wyregil's Antique Armour Shoppe.
 11726 | D:14     | Identified the +7 hand axe of Arbitration {flame, Dex+2}
 11825 | D:14     | Reached skill level 21 in Fighting
 12284 | D:14     | Reached XP level 14. HP: 83/110 MP: 15/15
 12571 | D:14     | Found a gate to the Vaults.
 12611 | D:13     | Reached skill level 22 in Fighting
 13171 | D:15     | Entered Level 15 of the Dungeon
 14333 | D:15     | HP: 5/112 [fire dragon/blast of flame (24)]
 14890 | D:15     | Found Takkadam's General Store.
 15227 | D:15     | Found a staircase to the Depths.
 15814 | Lair:1   | Entered Level 1 of the Lair of Beasts
 16163 | Orc:1    | Entered Level 1 of the Orcish Mines
 16597 | Orc:2    | Entered Level 2 of the Orcish Mines
 16600 | Orc:2    | Found a burning altar of Makhleb.
 16644 | Orc:2    | Reached skill level 23 in Fighting
 17030 | Orc:2    | Found Dulotrob's Weapon Boutique.
 17030 | Orc:2    | Found Buagaec's Distillery.
 17030 | Orc:2    | Found Ivoczut's Weapon Shoppe.
 17195 | Orc:2    | Found Qafagg's Antique Weapon Shop.
 17373 | Orc:2    | Found a staircase to the Elven Halls.
 17401 | Orc:2    | Paralysed by an orc sorcerer for 3 turns
 17662 | Elf:1    | Entered Level 1 of the Elven Halls
 17662 | Elf:1    | Noticed a deep elf annihilator
 17662 | Elf:1    | Noticed a deep elf annihilator
 17662 | Elf:1    | Found a runed translucent gate.
 17662 | Elf:1    | Found a runed translucent gate.
 17662 | Elf:1    | Found a runed translucent gate.
 17662 | Elf:1    | Found a runed translucent gate.
 17662 | Elf:1    | Found a runed translucent gate.
 17662 | Elf:1    | Found a runed translucent gate.
 17828 | D:12     | Killed Rupert
 18089 | D:12     | Found Waorghof's General Store.
 18096 | D:12     | Bought the amulet of Dyosur {Spirit +Inv Int+2} for 626
                  | gold pieces
 18433 | Depths:1 | Entered Level 1 of the Depths
 18439 | Depths:1 | Noticed a red very ugly thing
 18439 | Depths:1 | Noticed a red very ugly thing
 18581 | Depths:1 | Noticed a stone giant
 18735 | Depths:1 | Noticed a stone giant
 18853 | D:15     | HP: 1/114 [ettin/+2 dire flail of protection (11)]
 19148 | D:14     | Reached XP level 15. HP: 120/120 MP: 13/16
 19365 | Depths:1 | Noticed a frost giant
 19713 | Depths:1 | Noticed a frost giant
 20517 | Lair:1   | You are sucked into a shaft and drop 1 floor!
 20686 | Lair:1   | Noticed Fannar
 20693 | Lair:1   | Killed Fannar
 20694 | Lair:1   | Reached skill level 24 in Fighting
 21149 | Lair:2   | Reached ****** piety under Hepliaklqana
 21499 | Lair:2   | Found a hole to the Spider Nest.
 21512 | Lair:2   | Identified the +1 trident "Faqioqiy" {flame, rElec Int-4
                  | Dex+5 Stlth+}
 22171 | Lair:3   | Found a staircase to the Swamp.
 23648 | Lair:4   | Reached skill level 25 in Fighting
 24120 | Lair:5   | Entered Level 5 of the Lair of Beasts
 24182 | Lair:5   | Acquired a manual of Polearms
 24184 | Lair:5   | Acquired 491 gold pieces
 24211 | Lair:5   | Found a viscous altar of Jiyva.
 24214 | Lair:5   | Found a staircase to the Slime Pits.
 25185 | Lair:5   | Reached XP level 16. HP: 130/130 MP: 17/17
 26061 | Slime:1  | Entered Level 1 of the Pits of Slime
 26061 | Slime:1  | Noticed a rockslime
 26061 | Slime:1  | Noticed an acid blob
 27008 | Spider:1 | Entered Level 1 of the Spider Nest
 27170 | Spider:1 | Reached skill level 26 in Fighting
 28602 | Spider:2 | HP: 9/198 [culicivora (5)]
 28603 | Spider:2 | Mangled by a culicivora

Illustrated notes

Levels and vault maps discovered:
D:1:      lightli_arrival_maybe_door_vault, layout_loops_corners
D:2:      layout_loops_ring, basic_altar, uniq_natasha, uniq_sigmund
D:3:      layout_basic, jmf_multi_god_temple
D:4:      layout_cave_pools, minmay_crystal_room, dk_vineyard_1
D:5:      layout_loops_cross, minmay_temple_entry_glassed_door,
          dk_noncrumbling_4
D:6:      layout_layer_cave, serial_shops, nicolae_shop_stone,
          ebering_ghost_inner_flame
D:7:      layout_loops_cross, nicolae_overflow_quartered_altars,
          mainiacjoe_overflow_cross_hatched
D:8:      layout_rooms, nicolae_qazlal_eye_of_the_storm, david_lair_generic,
          uniq_pikel, uniq_prince_ribbit1
D:9:      layout_cave_pools, mainiacjoe_overflow_small_starburst,
          enter_bailey_5, serial_shops, shop, kennysheep_mini_moat,
          nicolae_shop_scrapyard
D:10:     layout_gridville
D:11:     layout_basic, uniq_erolcha
D:12:     layout_grid_maze, hiddenorc1_lemuel, serial_shops, shop,
          serial_nicolae_subway, nicolae_sub_station_metal,
          nicolae_sub_station_crystal, nicolae_sub_station_stone, uniq_rupert
D:13:     layout_basic, gauntlet_entry_generic
D:14:     layout_loops_ring, grunt_vaults_entry_tiered, serial_shops, shop,
          kennysheep_flooded_box
D:15:     grunt_enter_depths_hoard, layout_basic,
          hangedman_abyss_or_decor_passed, serial_shops, nicolae_diamond_shop
Temple:   nicolae_temple_bog_church
Lair:1:   layout_misc_corridors, small_statue_intersection,
          serial_bayou_shore_a, grunt_megastairs_4, lemuel_fruit_fields,
          uniq_fannar
Lair:2:   layout_cave_pods, spider_nest_entry_rubble
Lair:3:   layout_regular_city, swamp_mist, infiniplex_staircase_pool
Lair:4:   layout_regular_city, grunt_megastairs_3, serial_bayou_shore_b
Lair:5:   hangedman_lair_tendril_chambers, layout_hall_layers,
          nicolae_slime_entry_slimehenge, kilobyte_rumbling_trees
Spider:1: nicolae_spider_hall_of_the_moth_king
Spider:2: layout_spider_delve, uniq_asterion
Slime:1:  layout_caves
Orc:1:    layout_caves, nicolae_orc_bridge_out
Orc:2:    st_orc_rangers, layout_diamond_mine, basic_altar
Elf:1:    nicolae_elf_arrival_dilemma, layout_geoelf_octagon, basic_altar,
          minmay_elf_demonology, uniq_norris
Depths:1: layout_gridlike, kennysheep_another_room, grunt_metal_band,
          dpeg_stationary_puzzle

Skill      XL: |  1  2  3  4  5  6  7  8  9 10 11 12 13 14 15 16 |
---------------+-------------------------------------------------+-----
Polearms       | 4 6 7 8 9 |  9.0
Fighting       | 5 8 11 14 16 19 21 23 25 26 | 26.3
Ranged Weapons | 3 |  3.0
Dodging        | 4 5 |  5.0

Action                     |  1- 3 |  4- 6 |  7- 9 | 10-12 | 13-15 | 16-18 || total
---------------------------+-------+-------+-------+-------+-------+-------++-------
  Melee: Spear             |    59 |    10 |       |       |       |       ||    69
         Kick              |     9 |    20 |    23 |    43 |   148 |    55 ||   298
         Peck              |     7 |    10 |     5 |    20 |   102 |    35 ||   179
         Halberd           |       |    94 |    95 |   163 |   370 |       ||   722
         Arbalest          |       |       |       |     1 |     1 |       ||     2
         Glaive            |       |       |       |       |   230 |   147 ||   377
   Fire: Arbalest          |       |    11 |    98 |   150 |   429 |    21 ||   709
 Invoke: Ancestor Life: Kn |       |       |     1 |       |       |       ||     1
         Recall Ancestor   |       |       |       |     4 |    11 |       ||    15
         Idealise          |       |       |       |       |     2 |       ||     2
    Use: Potion            |       |     1 |       |     5 |     7 |     6 ||    19
         Scroll            |       |     5 |       |    14 |    19 |     5 ||    43
   Stab: Sleeping          |     4 |     2 |       |     1 |       |       ||     7
         Distracted        |       |     1 |       |     2 |     9 |     3 ||    15
 Armour: Robe              |     5 |    50 |    13 |       |       |       ||    68
         Scale mail        |       |       |    24 |     4 |       |       ||    28
         Troll leather arm |       |       |       |    78 |    16 |       ||    94
         Chain mail        |       |       |       |       |   589 |   234 ||   823
  Dodge: Dodged            |    21 |    72 |    69 |   185 |   601 |   193 ||  1141
  Block: Other             |       |       |     1 |    33 |    69 |       ||   103
         Reflection        |       |       |       |     2 |    25 |       ||    27

Table legend: (Time is in decaauts)
 A = Elapsed time spent in this place.
 B = Non-inter-level travel time spent in this place.
 C = Inter-level travel time spent in this place.
 D = Time resting spent in this place.
 E = Time spent auto-exploring this place.
 F = Levels seen in this place.
 G = Mean time per level.
                   A        B        C        D        E       F      G
               +--------+--------+--------+--------+--------+-----+--------+
         Total |  29360 |  27421 |   1939 |   7830 |  13667 |  30 |  978.7 |
       Dungeon |  18098 |  16615 |   1483 |   5435 |   7690 |  15 | 1206.5 |
        Temple |     31 |      3 |     28 |      0 |      0 |   1 |   31.0 |
          Lair |   6815 |   6528 |    287 |   1103 |   4303 |   5 | 1363.0 |
   Spider Nest |   1343 |   1343 |      0 |    650 |    327 |   2 |  671.5 |
    Slime Pits |      1 |      1 |      0 |      0 |      0 |   1 |    1.0 |
  Orcish Mines |   1705 |   1567 |    138 |     56 |   1040 |   2 |  852.5 |
   Elven Halls |      1 |      1 |      0 |      0 |      0 |   1 |    1.0 |
        Depths |     58 |     58 |      0 |      0 |      0 |   1 |   58.0 |
        Bailey |    318 |    318 |      0 |     18 |    180 |   1 |  318.0 |
      Gauntlet |    985 |    985 |      0 |    568 |    127 |   1 |  985.0 |
               +--------+--------+--------+--------+--------+-----+--------+

Top non-repeatable levels by time:
    D:15: 3717 daAuts
    D:14: 2205 daAuts
  Lair:5: 2043 daAuts
    D:12: 1372 daAuts
Spider:1: 1329 daAuts
  Lair:2: 1314 daAuts
    D:13: 1290 daAuts
  Lair:4: 1218 daAuts
     D:2: 1130 daAuts
  Lair:3: 1120 daAuts
  Lair:1: 1118 daAuts
    D:10: 1040 daAuts
   Orc:2: 1008 daAuts
Gauntlet: 985 daAuts
     D:8: 975 daAuts
